PL
GRAFTON MIDDIES @ ATLANTA SMOKE
09/02/2019
 
TOP OF THE 1ST
Grafton Middies batting - Pitching for Atlanta Smoke : RHP Stuart Lee
Pitching: RHP Stuart Lee
Batting: RHB Raúl Robles 0-0: Ball
1-0: Called Strike
1-1: Ball
2-1: Ball
3-1: Base on Balls
Batting: LHB Min-heui Im 0-0: Called Strike
0-1: Called Strike
0-2: Foul Ball, location: 2F
0-2: DOUBLE (Line Drive, 3L)
Raúl Robles to third
Runner from 3rd tries for Home, SAFE, no throw or cutoff
Batting: LHB Tony Dyer 0-0: Ball
1-0: Fly out, F9 (Flyball, 9M)
Batting: RHB Iván Vargas 0-0: Ball
1-0: DOUBLE (Line Drive, 5D)
Min-heui Im scores
Batting: LHB Guillermo Romero 0-0: Swinging Strike
0-1: Ball
1-1: Ball
2-1: Ball
3-1: Called Strike
3-2: Base on Balls
Batting: RHB Brent Barlow 0-0: Called Strike
0-1: Ball
1-1: Foul Ball, location: 2F
1-2: Ball
2-2: Ball
3-2: Strikes out swinging
Batting: RHB Justin Bingham 0-0: Ball
1-0: Ball
2-0: Ball
3-0: Called Strike
3-1: Ground out 5-3 (Groundball, 5S)
Top of the 1st over - 2 run(s), 2 hit(s), 0 error(s), 2 left on base; Grafton 2 - Atlanta 0
BOTTOM OF THE 1ST
Atlanta Smoke batting - Pitching for Grafton Middies : RHP Yuri Volkers
Pitching: RHP Yuri Volkers
Batting: RHB Nathan Horton 0-0: Ground out 5-3 (Groundball, 56)
Batting: RHB Mal Bussard 0-0: Ball
1-0: Foul Ball, location: 2F
1-1: SINGLE (Line Drive, 78M)
Batting: RHB Bob Campbell 0-0: Ball
1-0: Ball
2-0: Foul Ball, location: 2F
2-1: Ball
3-1: Swinging Strike
3-2: Strikes out looking
Batting: LHB Juan Valdéz 0-0: Ball
1-0: Ground out U3 (Groundball, 3)
Bottom of the 1st over - 0 run(s), 1 hit(s), 0 error(s), 1 left on base; Grafton 2 - Atlanta 0
TOP OF THE 2ND
Grafton Middies batting - Pitching for Atlanta Smoke : RHP Stuart Lee
Batting: SHB Andrew Baker 0-0: Ground out U3 (Groundball, 3L)
Batting: RHB Yuri Volkers 0-0: Swinging Strike
0-1: Ball
1-1: Ball
2-1: Ball
3-1: Ground out 5-3 (Groundball, 5L)
Batting: RHB Raúl Robles 0-0: Foul Ball, location: 2F
0-1: Foul Ball, location: 2F
0-2: Ball
1-2: Foul Ball, location: 2F
1-2: Foul Ball, location: 2F
1-2: Ball
2-2: Ball
3-2: Ground out 5-3 (Groundball, 56S)
Top of the 2nd over - 0 run(s), 0 hit(s), 0 error(s), 0 left on base; Grafton 2 - Atlanta 0
BOTTOM OF THE 2ND
Atlanta Smoke batting - Pitching for Grafton Middies : RHP Yuri Volkers
Batting: RHB Stan Hughes 0-0: Called Strike
0-1: Ball
1-1: Called Strike
1-2: SINGLE (Groundball, 6MD)
Batting: RHB Leandro Tuzzi 0-0: Ball
1-0: Called Strike
1-1: Ball
2-1: Called Strike
2-2: Foul Ball, location: 2F
2-2: Ball
3-2: DOUBLE (Flyball, 7D)
Stan Hughes to third
Runner from 3rd tries for Home, SAFE, throw made at trailing runner, OUT at third!
Batting: RHB Russell Jackson 0-0: Ball
1-0: Called Strike
1-1: Ground out 5-3 (Groundball, 56)
Batting: LHB Mike Blue 0-0: Ball
1-0: Swinging Strike
1-1: Foul Ball, location: 2F
1-2: Ball
2-2: Strikes out swinging
Bottom of the 2nd over - 1 run(s), 2 hit(s), 0 error(s), 0 left on base; Grafton 2 - Atlanta 1
TOP OF THE 3RD
Grafton Middies batting - Pitching for Atlanta Smoke : RHP Stuart Lee
Batting: LHB Min-heui Im 0-0: Fly out, F7 (Line Drive, 78M)
Batting: LHB Tony Dyer 0-0: Ball
1-0: Ground out 3-1 (Groundball, 3L)
Batting: RHB Iván Vargas 0-0: SINGLE (Groundball, 6MD)
Batting: LHB Guillermo Romero 0-0: Foul Ball, location: 2F
0-1: Ball
1-1: Ball
2-1: Ball
3-1: Called Strike
3-2: Base on Balls
Iván Vargas to second
Batting: RHB Brent Barlow 0-0: Fly out, F6 (Popup, 6D)
Top of the 3rd over - 0 run(s), 1 hit(s), 0 error(s), 2 left on base; Grafton 2 - Atlanta 1
BOTTOM OF THE 3RD
Atlanta Smoke batting - Pitching for Grafton Middies : RHP Yuri Volkers
Batting: SHB Stuart Lee 0-0: Called Strike
0-1: Ball
1-1: Ball
2-1: Foul Ball, location: 2F
2-2: Ground out U3 (Groundball, 3S)
Batting: RHB Nathan Horton 0-0: SINGLE (Line Drive, 5D)
Batting: RHB Mal Bussard 0-0: Ball
1-0: Foul Ball, location: 2F
1-1: Called Strike
1-2: Ball
2-2: Ball
3-2: Foul Ball, location: 2F
3-2: DOUBLE (Line Drive, 5L)
Nathan Horton to third
Nathan Horton scores
Batting: RHB Bob Campbell 0-0: Ground out 5-3 (Groundball, 56)
Batting: LHB Juan Valdéz 0-0: Ground out 5-3 (Groundball, 5S)
Bottom of the 3rd over - 1 run(s), 2 hit(s), 0 error(s), 1 left on base; Grafton 2 - Atlanta 2
TOP OF THE 4TH
Grafton Middies batting - Pitching for Atlanta Smoke : RHP Stuart Lee
Batting: RHB Justin Bingham 0-0: Called Strike
0-1: Ball
1-1: Foul Ball, location: 2F
1-2: Ball
2-2: Foul Ball, location: 2F
2-2: Ball
3-2: Base on Balls
Batting: SHB Andrew Baker 0-0: Foul Ball, location: 2F
0-1: Ground out 4-3 (Groundball, 4M)
Justin Bingham to second
Batting: RHB Yuri Volkers 0-0: Swinging Strike
0-1: Ball
1-1: Swinging Strike
1-2: Foul Ball, location: 2F
1-2: Strikes out swinging
Batting: RHB Raúl Robles 0-0: Foul Ball, location: 2F
0-1: Called Strike
0-2: Ball
1-2: Fly out, F7 (Flyball, 78M)
Top of the 4th over - 0 run(s), 0 hit(s), 0 error(s), 1 left on base; Grafton 2 - Atlanta 2
BOTTOM OF THE 4TH
Atlanta Smoke batting - Pitching for Grafton Middies : RHP Yuri Volkers
Batting: RHB Stan Hughes 0-0: Foul Ball, location: 2F
0-1: Ball
1-1: Called Strike
1-2: Foul Ball, location: 2F
1-2: Strikes out swinging
Batting: RHB Leandro Tuzzi 0-0: Ball
1-0: Ball
2-0: Ball
3-0: Called Strike
3-1: DOUBLE (Line Drive, 5L)
Batting: RHB Russell Jackson 0-0: Ball
1-0: Swinging Strike
1-1: Foul Ball, location: 2F
1-2: Strikes out swinging
Batting: LHB Mike Blue 0-0: Intentional Walk
Batting: SHB Stuart Lee 0-0: Foul Ball, location: 2F
0-1: Ground out U3 (Groundball, 3)
Bottom of the 4th over - 0 run(s), 1 hit(s), 0 error(s), 2 left on base; Grafton 2 - Atlanta 2
TOP OF THE 5TH
Grafton Middies batting - Pitching for Atlanta Smoke : RHP Stuart Lee
Batting: LHB Min-heui Im 0-0: Foul Ball, location: 2F
0-1: Ball
1-1: Ground out 6-3 (Groundball, 6)
Batting: LHB Tony Dyer 0-0: Called Strike
0-1: Ball
1-1: Ball
2-1: Foul Ball, location: 2F
2-2: Ball
3-2: Foul Ball, location: 2F
3-2: Base on Balls
Batting: RHB Iván Vargas 0-0: Called Strike
0-1: Foul Ball, location: 2F
0-2: Grounds into double play, 5-4-3 (Groundball, 5L)
Top of the 5th over - 0 run(s), 0 hit(s), 0 error(s), 0 left on base; Grafton 2 - Atlanta 2
BOTTOM OF THE 5TH
Atlanta Smoke batting - Pitching for Grafton Middies : RHP Yuri Volkers
Batting: RHB Nathan Horton 0-0: Called Strike
0-1: Swinging Strike
0-2: Ball
1-2: Strikes out swinging
Batting: RHB Mal Bussard 0-0: Ball
1-0: Ball
2-0: Swinging Strike
2-1: Foul Ball, location: 2F
2-2: Strikes out swinging
Batting: RHB Bob Campbell 0-0: Called Strike
0-1: Ball
1-1: Ball
2-1: Foul Ball, location: 2F
2-2: Ball
3-2: Foul Ball, location: 2F
3-2: Base on Balls
Batting: LHB Juan Valdéz 0-0: Ball
1-0: Fly out, F4 (Popup, 4D)
Bottom of the 5th over - 0 run(s), 0 hit(s), 0 error(s), 1 left on base; Grafton 2 - Atlanta 2
TOP OF THE 6TH
Grafton Middies batting - Pitching for Atlanta Smoke : RHP Stuart Lee
Batting: LHB Guillermo Romero 0-0: Ball
1-0: DOUBLE (Flyball, 8LXD)
Batting: RHB Brent Barlow 0-0: Intentional Walk
Batting: RHB Justin Bingham 0-0: Ball
1-0: Sac Bunt - play at first, batter OUT! 1-4
Guillermo Romero to third
Brent Barlow to second
Batting: SHB Andrew Baker 0-0: Intentional Walk
Pinch Hitting: RHB Curt Phillips 0-0: Ball
1-0: Ball
2-0: Called Strike
2-1: Swinging Strike
2-2: Fly out, F9 (Flyball, 89D)
Runner from 3rd tags up, SCORES, no throw
Pitching: LHP Rick Payne
Batting: RHB Raúl Robles 0-0: Swinging Strike
0-1: Ball
1-1: Ground out 6-3 (Groundball, 6)
Top of the 6th over - 1 run(s), 1 hit(s), 0 error(s), 2 left on base; Grafton 3 - Atlanta 2
BOTTOM OF THE 6TH
Atlanta Smoke batting - Pitching for Grafton Middies : RHP Yuri Volkers
Pitching: RHP Mark Simmons
Batting: RHB Stan Hughes 0-0: Called Strike
0-1: Called Strike
0-2: Ball
1-2: Foul Ball, location: 2F
1-2: Strikes out swinging
Batting: RHB Leandro Tuzzi 0-0: Foul Ball, location: 2F
0-1: Swinging Strike
0-2: Ball
1-2: Foul Ball, location: 2F
1-2: Ball
2-2: Ground out 6-3 (Groundball, 6)
Batting: RHB Russell Jackson 0-0: Called Strike
0-1: Foul Ball, location: 2F
0-2: Strikes out swinging
Bottom of the 6th over - 0 run(s), 0 hit(s), 0 error(s), 0 left on base; Grafton 3 - Atlanta 2
TOP OF THE 7TH
Grafton Middies batting - Pitching for Atlanta Smoke : LHP Rick Payne
Batting: LHB Min-heui Im 0-0: Swinging Strike
0-1: Foul Ball, location: 2F
0-2: SOLO HOME RUN (Flyball, 8RXD), Distance : 448 ft
Batting: LHB Tony Dyer 0-0: Ball
1-0: Swinging Strike
1-1: Called Strike
1-2: Strikes out swinging
Batting: RHB Iván Vargas 0-0: Called Strike
0-1: Ball
1-1: Ball
2-1: Foul Ball, location: 2F
2-2: Ball
3-2: SINGLE (Groundball, 15S) (infield hit)
Batting: LHB Guillermo Romero 0-0: Ball
1-0: Grounds into double play, 4-6-3 (Groundball, 34)
Top of the 7th over - 1 run(s), 2 hit(s), 0 error(s), 0 left on base; Grafton 4 - Atlanta 2
BOTTOM OF THE 7TH
Atlanta Smoke batting - Pitching for Grafton Middies : RHP Mark Simmons
Batting: LHB Mike Blue 0-0: Fly out, F9 (Flyball, 89S)
Pinch Hitting: RHB Scott Forrest 0-0: Foul Ball, location: 2F
0-1: Foul Ball, location: 2F
0-2: Fly out, F7 (Flyball, 7S)
Batting: RHB Nathan Horton 0-0: Called Strike
0-1: Foul Ball, location: 2F
0-2: Ball
1-2: Ball
2-2: Strikes out swinging
Bottom of the 7th over - 0 run(s), 0 hit(s), 0 error(s), 0 left on base; Grafton 4 - Atlanta 2
TOP OF THE 8TH
Grafton Middies batting - Pitching for Atlanta Smoke : LHP Rick Payne
Pitching: RHP Josef van der Poel
Batting: RHB Brent Barlow 0-0: Called Strike
0-1: Called Strike
0-2: Fly out, F7 (Flyball, 7LD)
Batting: RHB Justin Bingham 0-0: Ball
1-0: Called Strike
1-1: Foul Ball, location: 2F
1-2: Ball
2-2: Ball
3-2: Base on Balls
Batting: SHB Andrew Baker 0-0: SINGLE (Groundball, 34)
Justin Bingham to second
Justin Bingham to third
Pinch Hitting: RHB José Peńa 0-0: Swinging Strike
0-1: Ball
1-1: Called Strike
1-2: Foul Ball, location: 2F
1-2: Ball
2-2: Strikes out swinging
Batting: RHB Raúl Robles 0-0: Ball
1-0: Ball
2-0: Foul Ball, location: 2F
2-1: Foul Ball, location: 2F
2-2: Fly out, F8 (Line Drive, 8LD)
Top of the 8th over - 0 run(s), 1 hit(s), 0 error(s), 2 left on base; Grafton 4 - Atlanta 2
BOTTOM OF THE 8TH
Atlanta Smoke batting - Pitching for Grafton Middies : RHP Mark Simmons
Pitching: RHP Frank Morse
Now in RF: Brady Ferris
Batting: RHB Mal Bussard 0-0: Foul Ball, location: 2F
0-1: Ball
1-1: Ball
2-1: Ball
3-1: Called Strike
3-2: Base on Balls
Batting: RHB Bob Campbell 0-0: Called Strike
0-1: Foul Ball, location: 2F
0-2: Foul Ball, location: 2F
0-2: Ball
1-2: Ball
2-2: Ground out 4-3 (Groundball, 4M)
Mal Bussard to second
Batting: LHB Juan Valdéz 0-0: Ball
1-0: Foul Ball, location: 2F
1-1: Foul Ball, location: 2F
1-2: Foul Ball, location: 2F
1-2: Ball
2-2: Ground out 4-3 (Groundball, 4)
Mal Bussard to third
Batting: RHB Stan Hughes 0-0: Ball
1-0: Called Strike
1-1: Swinging Strike
1-2: Strikes out swinging
Bottom of the 8th over - 0 run(s), 0 hit(s), 0 error(s), 1 left on base; Grafton 4 - Atlanta 2
TOP OF THE 9TH
Grafton Middies batting - Pitching for Atlanta Smoke : RHP Josef van der Poel
Batting: LHB Min-heui Im 0-0: SOLO HOME RUN (Flyball, 89XD), Distance : 431 ft
Batting: LHB Tony Dyer 0-0: Called Strike
0-1: Foul Ball, location: 2F
0-2: Ball
1-2: Ball
2-2: Strikes out swinging
Batting: RHB Iván Vargas 0-0: Ball
1-0: Ball
2-0: Foul Ball, location: 2F
2-1: Ball
3-1: Swinging Strike
3-2: Strikes out swinging
Batting: LHB Guillermo Romero 0-0: Ball
1-0: Foul Ball, location: 2F
Reached via error on a dropped throw, E1
Batting: RHB Brent Barlow 0-0: Called Strike
0-1: Ball
1-1: Foul Ball, location: 2F
1-2: Ball
2-2: Ground out 4-3 (Groundball, 13)
Top of the 9th over - 1 run(s), 1 hit(s), 1 error(s), 1 left on base; Grafton 5 - Atlanta 2
BOTTOM OF THE 9TH
Atlanta Smoke batting - Pitching for Grafton Middies : RHP Frank Morse
Batting: RHB Leandro Tuzzi 0-0: Called Strike
0-1: Foul Ball, location: 2F
0-2: Ball
1-2: Ball
2-2: Ball
3-2: Fly out, F9 (Flyball, 9S)
Batting: RHB Russell Jackson 0-0: Ground out 5-3 (Groundball, 5L)
Batting: LHB Mike Blue 0-0: Called Strike
0-1: Foul Ball, location: 2F
0-2: Ball
1-2: Foul Ball, location: 2F
1-2: Foul Ball, location: 2F
1-2: Strikes out looking
Bottom of the 9th over - 0 run(s), 0 hit(s), 0 error(s), 0 left on base; Grafton 5 - Atlanta 2
This league is powered by Out of the Park Baseball, the baseball management simulation game for PC, Mac and Linux
Saturday, July 25th, 2015 - OOTP Baseball 15.6 Build 34